 Dungeon Crawl Stone Soup version 0.28.0-53-g5a82cb258f (webtiles) character file.

Game seed: 7844686615641173428

38 pkoi the Gusty (level 3, -2/26 HPs)
             Began as a Demigod Air Elementalist on May 25, 2022.
             Slain by Terence
             ... wielding a +0 mace
              (8 damage)
             ... on level 1 of the Dungeon.
             The game lasted 00:03:25 (1804 turns).

pkoi the Gusty (Demigod Air Elementalist)           Turns: 1804, Time: 00:03:26

Health: -2/26      AC:  2    Str:  9    XL:     3   Next: 10%
Magic:  1/8        EV: 12    Int: 21    God:
Gold:   27         SH:  0    Dex: 14    Spells: 2/5 levels left

rFire   . . .      SeeInvis .   d - +0 dagger
rCold   . . .      Faith    .   (no shield)
rNeg    . . .      Spirit   .   a - +0 robe
rPois   .          Reflect  .   (no helmet)
rElec   .          Harm     .   (no cloak)
rCorr   .          Rampage  .   (no gloves)
Will    .....                   (no boots)
Stlth   ++........              (no amulet)
HPRegen 0.08/turn               (no ring)
MPRegen 0.11/turn               (no ring)

@: no status effects
A: high MP 1, forlorn, divine attributes
a: no special abilities


You were on level 1 of the Dungeon.
You visited 1 branch of the dungeon, and saw 2 of its levels.

You collected 27 gold pieces.

Inventory:

Hand Weapons
 d - a +0 dagger (weapon)
 e - a +0 hand axe
Armour
 a - a +0 robe (worn)
Scrolls
 b - a scroll of magic mapping {unknown}
 f - a scroll of brand weapon {unknown}
Potions
 c - a potion of attraction {unknown}
 g - a potion of degeneration {unknown}
 h - a potion of lignification {unknown}
 i - a potion of brilliance {unknown}


   Skills:
 - Level 1.7 Dodging
 - Level 1.7 Stealth
 - Level 1.7 Spellcasting
 + Level 1.2 Conjurations
 * Level 3.8 Air Magic


You had 2 spell levels left.
You knew the following spells:

 Your Spells              Type           Power      Damage    Failure   Level
a - Shock                 Conj/Air       48%        1d6       5%          1
b - Static Discharge      Conj/Air       12%        N/A       8%          2

Your spell library contained the following spells:

 Spells                   Type           Power      Damage    Failure   Level
 Swiftness                Air            18%        N/A       10%         3
 Airstrike                Air            9%         N/A       30%         4


Dungeon Overview and Level Annotations

Branches:
Dungeon (2/15)

Annotations:
D:1 Terence


Innate Abilities, Weirdness & Mutations

You have an increased reservoir of magic. (+10% MP)
You shall have no god before yourself.
Your divine heritage dramatically boosts your attributes as you level up.


Message History

Terence the Incautious comes into view.
He is wielding a +0 mace.
Terence is nearby!
The zap hits Terence.
Terence is lightly wounded.
The zap hits Terence but does no damage.
Terence is lightly wounded.
The zap misses Terence.
The zap hits Terence.
Terence is moderately wounded.
Casting: Shock (safe; 5% risk of failure)
Confirm with . or Enter, or press ? or * to list all spells.
Terence is struck by an arc of lightning.
Terence is heavily wounded.
You are struck by an arc of lightning.
The lightning grounds out.
Terence misses you.
Unknown command.
Casting: Static Discharge (safe; 8% risk of failure)
Confirm with . or Enter, or press ? or * to list all spells.
Terence is struck by an arc of lightning.
Terence is severely wounded.
You are struck by an arc of lightning.
The lightning grounds out.
Terence hits you with a +0 mace.
* * * LOW HITPOINT WARNING * * *
There is a stone staircase leading up here.
Terence hits you with a +0 mace!
* * * LOW HITPOINT WARNING * * *
You climb upwards.
There is a stone staircase leading down here.
Terence hits you with a +0 mace.
* * * LOW HITPOINT WARNING * * *
Terence says, "Time to say good-bye..."
Casting: Static Discharge (safe; 8% risk of failure)
Confirm with . or Enter, or press ? or * to list all spells.
Terence is struck by an arc of lightning!
Terence is almost dead.
You are struck by an arc of lightning.
* * * LOW HITPOINT WARNING * * *
The lightning grounds out.
Terence barely misses you. Terence hits you with a +0 mace!
You die...

####........##.#######..####.....
#########.####.# #..# #####.
.....###..# ##.# #..# #.
####.....####..# #..# #. #
#..#.....#.########..# #. #
##..##..##............########.
###........#......###............
##...............@# ###.########.
##..............@.# #.# #.
###........#.....^# #.# #.
###....>...#......# ### #.
##................# ##
..................#
#.#........######## #.##..##..##
#....###### ######


You could see Terence.

Vanquished Creatures
  A dart slug (D:1)
  3 bats (D:1)
  3 endoplasms (D:1)
  4 giant cockroaches (D:1)
  A goblin (D:1)
  8 hobgoblins (D:1)
  2 jackals (D:1)
  A kobold (D:1)
  A quokka (D:1)
  A frilled lizard (D:1)
  4 rats (D:1)
29 creatures vanquished.

Notes
Turn   | Place    | Note
-------+----------+-------------------------------------------
     0 | D:1      | pkoi the Demigod Air Elementalist began the quest for the
                  | Orb.
     0 | D:1      | Reached XP level 1. HP: 14/14 MP: 5/5
   220 | D:1      | Reached skill level 3 in Air Magic
   467 | D:1      | Reached XP level 2. HP: 20/20 MP: 5/7
   855 | D:1      | Learned a level 2 spell: Static Discharge
   960 | D:1      | Reached skill level 1 in Conjurations
  1324 | D:1      | Reached XP level 3. HP: 26/26 MP: 0/8
  1770 | D:2      | Noticed Terence
  1804 | D:1      | Slain by Terence

Illustrated notes

Levels and vault maps discovered:
D:1:      dpeg_arrival_rhombi, layout_rooms,
          ebering_ecumenical_altar_sacrificial, st_stairs_5
D:2:      minmay_skewed_foursquare, layout_rooms, uniq_robin, uniq_natasha,
          uniq_terence

Skill      XL: |  1  2 |
---------------+-------+-----
Air Magic      | 3 |  3.8
Conjurations   | 1 |  1.2
Dodging        | |  1.7
Stealth        | |  1.7
Spellcasting   | |  1.7

Action                   || total
-------------------------++-------
Melee: Dagger            ||    26
 Cast: Shock             ||    62
       Static Discharge  ||     3
Armor: Robe              ||     7
Dodge: Dodged            ||    21
